 Dungeon Crawl Stone Soup version 0.20.1-1-g8b1a95d66d (webtiles) character file.

28 Popi the Skirmisher (level 3, -1/43 HPs)
             Began as a Human Fighter on Dec 18, 2017.
             Slain by a goblin
             ... wielding a cursed +0 dagger
              (2 damage)
             ... on level 2 of the Dungeon.
             The game lasted 00:01:17 (786 turns).

Popi the Skirmisher (Human Fighter)                  Turns: 786, Time: 00:01:18

Health: -1/43      AC: 21    Str: 15 (17) XL:     3   Next: 30%
Magic:  3/3        EV:  2    Int:  6 (8)  God:
Gold:   25         SH:  0    Dex: 11 (12) Spells: 2/2 levels left

rFire    . . .     SeeInvis .   a - +0 long sword
rCold    . . .     Gourm    .   (no shield)
rNeg     + + +     Faith    .   (armour currently unavailable)
rPois    +         Spirit   .   (helmet currently unavailable)
rElec    .         Reflect  .   (cloak currently unavailable)
rCorr    .         Harm     .   (gloves currently unavailable)
MR       +....     NoTele   +   (boots currently unavailable)
Stlth    +.........             (no amulet)
Regen    0.2/turn               (no ring)
MPRegen  0.1/turn               (no ring)

@: lethally poisoned (-1 -> -21), tree-form
A: deterioration 1, magic resistance 1, subdued magic 1
a: no special abilities


You were on level 2 of the Dungeon.
You were not hungry.
You were a tree.
You visited 1 branch of the dungeon, and saw 2 of its levels.

You collected 25 gold pieces.

Inventory:

Hand Weapons
 a - a +0 long sword (weapon)
Armour
 b - a +0 scale mail (melded)
Scrolls
 g - a scroll of identify
 h - a scroll of immolation {unknown}
 j - a scroll of amnesia {unknown}
 l - a scroll of enchant armour {unknown}
Potions
 d - a potion of might
Comestibles
 f - 2 bread rations
 i - a meat ration


   Skills:
 + Level 3.3 Fighting
 + Level 2.3 Long Blades
 + Level 3.3 Armour
 * Level 1.2 Dodging
   Level 3.0 Shields


You had 2 spell levels left.
You didn't know any spells.

Dungeon Overview and Level Annotations

Branches:
Dungeon (2/15)

Altars:

Annotations:
D:2 Terence


Innate Abilities, Weirdness & Mutations

Your body sometimes deteriorates upon taking damage.
You are resistant to hostile enchantments. (MR+)
Your spells are a little easier to cast, but a little less powerful.


Message History

There was something very wrong with that liquid.
You feel weakened.
You feel dopey.
You feel clumsy.
* * * LOW HITPOINT WARNING * * *
You feel sick. The goblin closely misses you. Terence closely misses you.
It was a potion of lignification.
You turn into a tree.
Your +0 scale mail melds into your body.
Your roots penetrate the ground.
* * * LOW HITPOINT WARNING * * *
You feel sick. The goblin hits you but does no damage.
Terence hits you but does no damage.
You hit Terence but do no damage.
Terence is almost dead.
* * * LOW HITPOINT WARNING * * *
You feel very sick. The goblin hits you but does no damage.
Terence hits you but does no damage.
You barely miss Terence.
Terence is almost dead.
* * * LOW HITPOINT WARNING * * *
You feel sick. The goblin hits you with a dagger.
You die...

##.................
+.......).........
##........(........
.............#......
...g#'#####.........
..##.........#......
. +........w'......
#.......#@# ..... .
.....##♣# ..> ..
(.... #g# .# .....
..# # .... ##.. ...
#.. .... .... .....


You could see Terence, a worm and a goblin.

Vanquished Creatures
  A bat (D:1)
  4 giant cockroaches
  2 goblins
  4 hobgoblins
  6 jackals (D:1)
  2 kobolds (D:2)
  A frilled lizard (D:2)
  2 rats (D:1)
22 creatures vanquished.

Notes
Turn   | Place    | Note
-------+----------+-------------------------------------------
     0 | D:1      | Popi the Human Fighter began the quest for the Orb.
     0 | D:1      | Reached XP level 1. HP: 18/18 MP: 1/1
   184 | D:1      | Reached XP level 2. HP: 24/24 MP: 2/2
   439 | D:1      | Reached skill level 1 in Dodging
   747 | D:2      | Reached XP level 3. HP: 26/29 MP: 3/3
   762 | D:2      | Noticed Terence
   782 | D:2      | Gained mutation: Your body sometimes deteriorates upon taking damage. [potion of mutation]
   782 | D:2      | Gained mutation: Your spells are a little easier to cast, but a little less powerful. [potion of mutation]
   782 | D:2      | Gained mutation: You are resistant to hostile enchantments. (MR+) [potion of mutation]
   786 | D:2      | HP: 1/43 [poisoned by Terence]
   786 | D:2      | Slain by a goblin

Skill      XL: |  1  2 |
---------------+-------+-----
Dodging        | 1 |  1.2
Fighting       | |  3.3
Long Blades    | |  2.3
Armour         | |  3.3
Shields        | |  3.0

Action                   || total
-------------------------++-------
Melee: Long sword        ||    73
  Use: Scroll            ||     1
       Potion            ||     3
Armor: Scale mail        ||    63
       Skin              ||     4
Dodge: Dodged            ||    64
       Rpst.: Long sword ||    22
